 Dungeon Crawl Stone Soup version bcrawl-1.38.2 (webtiles) character file.

Game seed: 3798235076407448552

151118 AlmostAGhost the Skirmisher (level 3, -3/29 HPs)
             Began as a Demonspawn Abyssal Knight on May 6, 2023.
             Was a Believer of Lugonu.
             Slain by a bullfrog skeleton (9 damage)
             ... on level 2 of the Dungeon.
             The game lasted 00:05:32 (691 turns).

AlmostAGhost the Skirmisher (DsAK)                   Turns: 691, Time: 00:05:32

Health: -3/29      AC:  8    Str: 14    XL:     3   Next: 30%
Magic:  5/5        EV:  6    Int: 11    God:    Lugonu [**....]
Gold:   110        SH:  0    Dex: 13    Spells: 2/2 levels left

rFire    . . .     GDR:     27% a - +0 long sword
rCold    . . .     SeeInvis .   (no shield)
rNeg     . . .     Gourm    .   i - +0 chain mail (curse)
rPois    .         Faith    .   (no helmet)
rElec    .         Spirit   .   (no cloak)
rCorr    .         Reflect  .   (no gloves)
MR       .....                  (no boots)
Stlth    ..........             (no amulet)
HPRegen  0.14/turn              (no ring)
MPRegen  0.09/turn              (no ring)

@: no status effects
A: powered by death 1
a: Depart the Abyss, Bend Space, Banish, Renounce Religion


You were on level 2 of the Dungeon.
You worshipped Lugonu.
Lugonu was pleased with you.
You were not hungry.

You visited 1 branch of the dungeon, and saw 2 of its levels.
You visited the Abyss 1 time.

You collected 110 gold pieces.

Inventory:

Hand Weapons
 a - a +0 long sword (weapon)
Missiles
 c - 10 tomahawks of dispersal {=f}
 d - 383 stones (quivered)
Armour
 b - a +0 ring mail
 i - a cursed +0 chain mail (worn)
Scrolls
 h - 2 scrolls of teleportation
 k - a scroll of enchant weapon {unknown}
Potions
 g - a potion of invisibility {unknown}
 l - a potion of resistance {unknown}
Comestibles
 e - 3 rations {!d}
 f - 2 chunks of flesh


   Skills:
 + Level 3.4 Fighting
 + Level 2.5 Long Blades
 + Level 0.8 Throwing
 + Level 2.1 Armour
 + Level 1.1 Dodging
 + Level 3.0 Invocations


You had 2 spell levels left.
You didn't know any spells.
Your spell library was empty.

Dungeon Overview and Level Annotations

Branches:
Dungeon (2/12)

Altars:


Innate Abilities, Weirdness & Mutations

You regenerate a little health from kills.


Message History

The bullfrog skeleton is heavily damaged.
The bullfrog skeleton hits you but does no damage.
Your chain mail prevents you from hitting the bullfrog skeleton.
The bullfrog skeleton is heavily damaged.
The bullfrog skeleton barely misses you.
The bullfrog skeleton hits you.
* * * LOW HITPOINT WARNING * * *
You slash the bullfrog skeleton!
The bullfrog skeleton is severely damaged.
The bullfrog skeleton hits you!
* * * LOW HITPOINT WARNING * * *
No path to travel!
It was a potion of curing.
You feel better. The bullfrog skeleton hits you.
* * * LOW HITPOINT WARNING * * *
The bullfrog skeleton closely misses you.
No path to travel!
Your chain mail prevents you from hitting the bullfrog skeleton.
The bullfrog skeleton is severely damaged.
The bullfrog skeleton hits you!
You die...

#.......#
#######.# #.#
.########.#
..........#
..#.#.#.#.#######
.................
..#.#.#.#..######
......Z@.).#
..#.#.#.#..#
...........#
..#.#.#.#.%..
...........###
.#########.# .#
..


You could see a bullfrog skeleton.

Vanquished Creatures
  An ooze (D:1)
  A worm (D:2)
  A dart slug (D:1)
  A leopard gecko (D:1)
  4 giant cockroaches (D:1)
  5 goblins (D:1)
  5 hobgoblins
  4 bats (D:1)
  A frilled lizard (D:1)
  4 rats (D:1)
27 creatures vanquished.

Notes
Turn   | Place    | Note
-------+----------+-------------------------------------------
     0 | Abyss:1  | AlmostAGhost the Demonspawn Abyssal Knight began the quest
                  | for the Orb.
     0 | Abyss:1  | Reached XP level 1. HP: 18/18 MP: 2/2
     4 | D:1      | Escaped the Abyss
   113 | D:1      | Reached skill level 1 in Dodging
   131 | D:1      | Gained mutation: You regenerate a little health from kills.
                  | [demonic ancestry]
   131 | D:1      | Reached XP level 2. HP: 19/24 MP: 4/4
   321 | D:1      | Reached ** piety under Lugonu
   402 | D:1      | Reached XP level 3. HP: 25/29 MP: 5/5
   689 | D:2      | HP: 1/29 [bullfrog skeleton (7)]
   691 | D:2      | Slain by a bullfrog skeleton

Skill      XL: |  1  2 |
---------------+-------+-----
Long Blades    | 2 |  2.5
Dodging        | 1 |  1.1
Armour         | 2 |  2.1
Invocations    | 3 |  3.0
Fighting       | |  3.4
Throwing       | |  0.8

Action                   || total
-------------------------++-------
Melee: Long sword        ||    95
  Use: Scroll            ||     1
       Potion            ||     1
  Eat: Chunk             ||     2
Armor: Ring mail         ||    11
       Chain mail        ||    51
Dodge: Dodged            ||    41
